 Dungeon Crawl Stone Soup version 0.20-a0-264-gaba7314 (webtiles) character file.

91 xnavy the Insei (level 4, 0/38 HPs)
             Began as a Draconian Monk on Dec 5, 2016.
             Slain by a worm (11 damage)
             ... on level 2 of the Dungeon.
             The game lasted 00:03:58 (2055 turns).

xnavy the Insei (Draconian Monk)                    Turns: 2055, Time: 00:03:58

Health: 0/38       AC:  5    Str: 13    XL:     4   Next: 34%
Magic:  4/4        EV: 13    Int: 11    God:
Gold:   94         SH:  0    Dex: 14    Spells: 3/3 levels left

rFire  . . .     SeeInvis .       - Unarmed
rCold  . . .     Gourm    .     (armour unavailable)
rNeg   + . .     Faith    .     (no shield)
rPois  .         Spirit   .     (helmet restricted)
rElec  .         Reflect  .     (no cloak)
rCorr  .         Harm     .     (no gloves)
MR     .....                    (no boots)
Stlth  ++........               (no amulet)
                                (no ring)
                                e - ring of positive energy {rN+}

@: no status effects
A: unfitting armour, cold-blooded, AC +5
a: no special abilities


You were on level 2 of the Dungeon.
You were not hungry.

You visited 1 branch of the dungeon, and saw 2 of its levels.

You collected 94 gold pieces.

Inventory:

Hand Weapons
 l - a +0 dagger of speed
   (You took it off a kobold on level 2 of the Dungeon)
Missiles
 f - 55 stones (quivered)
Jewellery
 e - a ring of positive energy (left hand) {rN+}
   (You found it on level 1 of the Dungeon)
Scrolls
 b - a scroll of fear {unknown}
 c - a scroll of identify {unknown}
 i - a scroll of fog {unknown}
 j - a scroll of remove curse {unknown}
 m - 2 scrolls of amnesia {unknown}
Potions
 g - a potion of curing {unknown}
 h - 3 potions of degeneration {unknown}
 k - a potion of invisibility {unknown}
Comestibles
 a - 2 bread rations {@e1}
 d - 6 chunks of flesh {@w0}


   Skills:
 - Level 3.2 Fighting
 - Level 2.6 Dodging
 - Level 1.7 Stealth
 + Level 5.2 Unarmed Combat


You had 3 spell levels left.
You didn't know any spells.

Dungeon Overview and Level Annotations

Branches:
Dungeon (2/15)

Altars:

Annotations:
D:2 Robin


Innate Abilities, Weirdness & Mutations

Your plain brown scales are hard. (AC +5)
You cannot fit into any form of body armour.
You are cold-blooded and may be slowed by cold attacks.


Message History

Found a stone staircase leading up.
f - 59 stones (gained 1)
f - 60 stones (gained 1)
f - 61 stones (gained 1)
An ooze comes into view.
There is a stone staircase leading up here.
Aim: an ooze (hasn't noticed you)
You throw a stone. The ooze quivers.
The stone hits the ooze.
A goblin comes into view.
Aim: an ooze (lightly wounded)
You throw a stone. The goblin shouts!
The stone hits the ooze but does no damage.
Aim: an ooze (lightly wounded)
You throw a stone.
The stone hits the ooze but does no damage.
Health restored: 38
Aim: an ooze (lightly wounded)
You throw a stone. The goblin shouts! x3
The stone hits the ooze.
A goblin comes into view. It is wielding a dagger.
Aim: an ooze (moderately wounded)
You throw a stone. The goblin shouts!
The stone hits the ooze.
A rat comes into view.
A worm comes into view.
You see here a leopard gecko skeleton.
The worm bites you but does no damage.
A hobgoblin comes into view.
You hit the ooze. You tail-slap the ooze. The ooze closely misses you.
You hit the ooze.
You kill the ooze!
Aim: a worm You throw a stone.
The stone hits the worm but does no damage.
You barely miss the worm.
You tail-slap the worm, but do no damage.
You hit the worm but do no damage.
The hobgoblin shouts!
The worm closely misses you.
You hit the worm. You punch the worm, but do no damage.
The goblin closely misses you.
You hit the worm. The worm misses you.
You barely miss the worm. The goblin hits you.
You take 1 damage, and have 37/38 hp.
You hit the worm. You tail-slap the worm. The worm barely misses you.
You hit the worm but do no damage. The goblin misses you. The goblin hits you.
The goblin hits you but does no damage.
You take 2 damage, and have 35/38 hp.
You hit the worm but do no damage. The goblin completely misses you.
The hobgoblin closely misses you. The worm closely misses you.
The goblin closely misses you. The goblin barely misses you.
You barely miss the worm.
You tail-slap the worm, but do no damage.
The hobgoblin hits you but does no damage.
The goblin hits you. The goblin closely misses you. The worm bites you!
You take 9 damage, and have 27/38 hp.
MASSIVE DAMAGE!!
You hit the hobgoblin. The goblin barely misses you. The goblin hits you.
The hobgoblin misses you. The goblin hits you but does no damage.
You take 2 damage, and have 25/38 hp.
You hit the hobgoblin.
You kill the hobgoblin!
The goblin misses you. x2; The worm bites you!
The goblin closely misses you.
You take 7 damage, and have 18/38 hp.
The goblin completely misses you.
You miss the goblin. The goblin hits you but does no damage.
You closely miss the goblin. The goblin hits you but does no damage.
You hit the goblin but do no damage. The goblin hits you with a dagger.
You take 1 damage, and have 18/38 hp.
You closely miss the goblin. The goblin closely misses you.
You closely miss the goblin. The goblin barely misses you.
You closely miss the goblin. You hit the goblin. You tail-slap the goblin.
You kill the goblin!
You punch the goblin!
You kill the goblin!
You punch the goblin!
You kill the goblin!
You closely miss the goblin. The goblin hits you.
You take 4 damage, and have 15/38 hp.
You closely miss the goblin. You tail-slap the goblin. The goblin hits you.
You take 1 damage, and have 14/38 hp.
You barely miss the goblin. The goblin hits you.
* * * LOW HITPOINT WARNING * * *
You take 4 damage, and have 10/38 hp.
You are too injured to fight recklessly!
You are too injured to fight recklessly!
You barely miss the goblin. The goblin misses you.
You hit the goblin but do no damage.
Your tail-slap misses the goblin.
You hit the goblin but do no damage. You tail-slap the goblin.
You kill the goblin!
You punch the worm! You tail-slap the worm.
A giant cockroach comes into view.
You hit the worm. The worm bites you!
You die...

# # #s.... ###### .....
.....# .... .###....
...#### .### # .....
...###### ... ........#
#.# ........# #@#
........# #w# ...)....#
##)####... ........##
#.........
.........######.........
...........w............
....................#...
..........#####.........
######...(..#######.(...
#.


You could see a worm and a giant cockroach (sleeping).

Vanquished Creatures
  An adder (D:2)
  A gnoll (D:1)
  An ooze (D:2)
  2 dart slugs (D:2)
  3 worms (D:2)
  2 leopard geckos
  4 giant cockroaches
  11 goblins
  6 hobgoblins
  2 jackals (D:1)
  3 kobolds
  7 bats
  5 frilled lizards
  4 rats
52 creatures vanquished.

Notes
Turn   | Place    | Note
-------+----------+-------------------------------------------
     0 | D:1      | xnavy the Draconian Monk began the quest for the Orb.
     0 | D:1      | Reached XP level 1. HP: 19/19 MP: 1/1
   142 | D:1      | Reached XP level 2. HP: 12/26 MP: 2/2
   437 | D:1      | Reached skill level 4 in Unarmed Combat
   644 | D:1      | Reached XP level 3. HP: 30/31 MP: 3/3
  1849 | D:2      | Reached XP level 4. HP: 38/38 MP: 4/4
  1859 | D:2      | Noticed Robin
  1889 | D:2      | Reached skill level 5 in Unarmed Combat
  2055 | D:2      | Slain by a worm

Vault maps used:
D:1:      dpeg_arrival_water_altar, hangedman_feature_mirror, minivault_27
D:2:      uniq_robin

Skill      XL: |  1  2  3  4 |
---------------+-------------+-----
Unarmed Combat | 4 5 |  5.2
Fighting       | |  3.2
Dodging        | |  2.6
Stealth        | |  1.7

Action                   |  1- 3 |  4- 6 || total
-------------------------+-------+-------++-------
Melee: Unarmed           |   103 |    49 ||   152
       Tailslap          |    16 |     9 ||    25
       Punch             |     1 |     1 ||     2
Throw: Stone             |   121 |    24 ||   145
 Stab: Sleeping          |     2 |       ||     2
  Eat: Chunk             |     1 |     1 ||     2
       Beef jerky        |     1 |       ||     1
Armor: Skin              |    20 |    10 ||    30
Dodge: Dodged            |    58 |    27 ||    85

Vault maps used:
D:1:      dpeg_arrival_water_altar, hangedman_feature_mirror, minivault_27
D:2:      uniq_robin

Table legend:
 A = Turns spent in this place as a percentage of turns spent in the entire game.
 B = Non-inter-level travel turns spent in this place as a percentage of non-inter-level travel turns spent in the entire game.
 C = Inter-level travel turns spent in this place as a percentage of turns spent in this place.
 D = Turns resting spent in this place as a percentage of non-inter-level travel turns spent in this place.
 E = Turns spent auto-exploring this place as a percentage of non-inter-level travel turns spent in this place.
 F = Non-inter-level travel turns spent in this place divided by the number of levels of this place that you've seen.
                   A       B       C       D       E      F
               +-------+-------+-------+-------+-------+----------------------
         Total | 100.0 | 100.0 |   0.3 |   2.6 |   6.8 | 332.5
       Dungeon | 100.0 | 100.0 |   0.3 |   2.6 |   6.8 | 332.5
               +-------+-------+-------+-------+-------+----------------------

Table legend:
 A = Kills in this place as a percentage of kills in entire the game.
 B = Kills by you in this place as a percentage of kills by you in the entire game.
 C = Kills by friends in this place as a percentage of kills by friends in the entire game.
 D = Other kills in this place as a percentage of other kills in the entire game.
 E = Experience gained in this place as a percentage of experience gained in the entire game.
 F = Experience gained in this place divided by the number of levels of this place that you have seen.
                   A       B       C       D       E      F
               +-------+-------+-------+-------+-------+----------------------
         Total | 100.0 | 100.0 |  -nan |  -nan | 100.0 |  65.5
       Dungeon | 100.0 | 100.0 |  -nan |  -nan | 100.0 |  65.5
               +-------+-------+-------+-------+-------+----------------------
